 Dungeon Crawl Stone Soup version 0.28-a0-643-g84cb2ea78e (webtiles) character file.

Game seed: 8453443647207481307

3894 ytrimaz the Cleaver (level 10, 88/88 HPs)
             Began as a Minotaur Monk on Oct 11, 2021.
             Was a Follower of Elyvilon.
             Quit the game on level 8 of the Dungeon.
             The game lasted 00:18:24 (11842 turns).

ytrimaz the Cleaver (Minotaur Monk)                Turns: 11842, Time: 00:18:25

Health: 88/88      AC: 10    Str: 19    XL:     10   Next: 0%
Magic:  10/10      EV: 13    Int:  7    God:    Elyvilon [*.....]
Gold:   467        SH:  0    Dex: 13    Spells: 9/9 levels left

rFire   . . .      SeeInvis .   e - +2 hand axe (flame)
rCold   + . .      Faith    .   (no shield)
rNeg    . . .      Spirit   +   q - +2 ring mail {Will+}
rPois   +          Reflect  .   (helmet restricted)
rElec   .          Harm     .   (no cloak)
rCorr   .          Rampage  .   (no gloves)
Will    +....                   H - +0 pair of boots
Stlth   ++........              d - amulet of guardian spirit
HPRegen 0.24/turn               m - ring of protection from cold
MPRegen 0.12/turn               p - ring of poison resistance

@: no status effects
A: horns 2, retaliatory headbutt
a: Renounce Religion, Lesser Healing, Divine Protection


You were on level 8 of the Dungeon.
You worshipped Elyvilon.
Elyvilon was aware of your devotion.
You visited 2 branches of the dungeon, and saw 10 of its levels.

You collected 493 gold pieces.
You spent 26 gold pieces at shops.

Inventory:

Hand Weapons
 e - a +2 hand axe of flaming (weapon)
 x - a +0 short sword of holy wrath
Armour
 g - a +0 scale mail
 q - a +2 ring mail of willpower (worn)
 s - a +1 tower shield
 t - the +0 leather armour of Beauty {rPois Will+ Str-3}
   (You found it on level 4 of the Dungeon)

   Str:       It affects your strength (-3).
   rPois:     It protects you from poison.
   Will:      It increases your willpower.
 H - a +0 pair of boots (worn)
Jewellery
 d - an amulet of guardian spirit (around neck)
 j - a ring of ice
 m - a ring of protection from cold (left hand)
 p - a ring of poison resistance (right hand)
 z - a ring of protection from fire
 E - a ring of resist corrosion
 J - a ring of positive energy
Wands
 r - a wand of flame (36)
 D - a wand of iceblast (4)
Scrolls
 k - a scroll of enchant armour
 l - 3 scrolls of fog
 o - a scroll of enchant weapon
 v - a scroll of magic mapping
 y - 7 scrolls of amnesia
 F - 2 scrolls of teleportation
 G - 3 scrolls of silence
 I - 3 scrolls of noise
Potions
 a - 4 potions of flight
 h - 2 potions of might
 i - 2 potions of haste
 n - 4 potions of attraction
 u - 3 potions of lignification
 A - a potion of mutation {unknown}
 C - a potion of brilliance {unknown}


   Skills:
 + Level 7.8 Fighting
 + Level 10.5 Axes
 * Level 9.8 Armour
 + Level 6.1 Dodging
 - Level 3.3 Stealth
 + Level 1.7 Invocations


You had 9 spell levels left.
You didn't know any spells.
Your spell library contained the following spells:

 Spells                   Type           Power      Damage    Failure   Level
 Foxfire                  Conj/Fire      0%         2x1d4     58%         1
 Conjure Flame            Conj/Fire      0%         6-21      91%         3
 Inner Flame              Hex/Fire       0%         N/A       91%         3
 Flame Wave               Conj/Fire      0%         3d3       100%        4
 Summon Ice Beast         Ice/Summ       0%         N/A       100%        4
 Summon Mana Viper        Hex/Summ       0%         N/A       100%        5
 Monstrous Menagerie      Summ           0%         N/A       100%        7


Dungeon Overview and Level Annotations

Branches:
Dungeon (9/15)             Temple (1/1) D:7            Lair (0/6) D:9
    Orc: D:9-12

Altars:
Ashenzari
Cheibriados
Dithmenos
Elyvilon
Fedhas
Gozag
Hepliaklqana
Kikubaaqudgha
Makhleb
Nemelex Xobeh
Okawaru
Ru
Sif Muna
Trog
Uskayaw
Vehumet
Wu Jian
Xom
Yredelemnul
Zin

Shops:
D:2 ?=:   D:7 *

Annotations:
D:9 Harold


Innate Abilities, Weirdness & Mutations

You have a pair of horns on your head.
You reflexively headbutt those who attack you in melee.


Message History

You barely miss the yak. The yak gores you but does no damage.
The yak gores you.
You hit the yak. You burn the yak.
The yak is moderately wounded.
You hit the yak. You burn the yak. The yak gores you but does no damage.
The yak barely misses you. You furiously retaliate!
You headbutt the yak. You hit the yak. You burn the yak.
Your headbutt misses the yak.
The yak is heavily wounded.
You barely miss the yak. The yak gores you but does no damage.
The yak gores you.
You hit the yak. You burn the yak.
The yak is severely wounded.
You slash the yak! You burn the yak. You hit the yak. You burn the yak.
Your headbutt misses the yak.
The yak is severely wounded.
You hit the yak. You burn the yak. The yak gores you! x2
Unknown command.
You hit the yak. You burn the yak.
The yak is almost dead.
You hit the yak. You burn the yak.
You kill the yak!
The yak barely misses you. You furiously retaliate!
You headbutt the yak, but do no damage.
Unknown command.
Press: ? - help, Dir - move target, f - yak Heal: a yak (almost dead, chance to pacify: 27%)
The light of Elyvilon fails to reach the yak.
The yak misses you.
Press: ? - help, Dir - move target, f/p - yak Heal: a yak (almost dead, chance to pacify: 27%)
The yak turns neutral.
You heal the yak.
The yak is moderately wounded.
You can no longer heal and attempt to pacify others.
You have reached level 10!
You start resting.
Magic restored.
You start resting.
HP restored.
Unknown command.
Are you sure you want to abandon this character and quit the game? (Confirm with "yes".)

#.#.# #.# #.#.........#.# #.#
#.#.####.## ##..........#.# #.#
†.........###...........#.# #.#
.##.#####.##.#..###.#####.# #.#
.##.# #[#.###.........#.# #.#
.##.# #.##.#............# #.#
.##.# #.###.............# #.#
..#.# #.###..####.###..## #.#
##..#####......÷@...# #..######.#
#.......###.#.####.###......##.#
##...###.###.........###.###.##.#
...............#####.# #.# #.##.#
.#...###.#.....# #.# #.# #.##.#
.#####.........# #.###.###.##.#
.# ##.###......# #......##.##.#
## #.## ##.....#####....#.......#
#.# #...#.......##...###.###


There were no monsters in sight!

Vanquished Creatures
  7 yaks (D:8)
  A basilisk (D:8)
  A steam dragon (D:7)
  A water moccasin (D:6)
  An orc warrior (D:6)
  3 sky beasts
  A hornet zombie (D:8)
  A centaur (D:6)
  An ogre (D:5)
  2 phantoms
  A kobold brigand (D:4)
  3 scorpions
  A bullfrog (D:7)
  3 gnoll sergeants
  A wyvern skeleton (D:5)
  3 killer bees (D:7)
  2 bullfrog zombies
  A crimson imp (D:7)
  A jelly (D:6)
  A bullfrog skeleton (D:6)
  A hound (D:7)
  An orc priest (D:6)
  A gnoll shaman (D:9)
  3 iguanas (D:5)
  Natasha (thrice) (D:2)
  2 orc wizards (D:8)
  A howler monkey zombie (D:8)
  2 howler monkey skeletons
  22 gnolls
  4 adders
  A shadow imp (D:5)
  An adder skeleton (D:2)
  2 dart slugs
  20 orcs
  4 ball pythons
  7 endoplasms
  4 giant cockroaches
  7 goblins
  5 hobgoblins
  3 jackals (D:2)
  4 quokkas
  11 bats
  2 frilled lizards
  6 kobolds
  6 rats
159 creatures vanquished.

Notes
Turn   | Place    | Note
-------+----------+-------------------------------------------
     0 | D:1      | ytrimaz the Minotaur Monk began the quest for the Orb.
     0 | D:1      | Reached XP level 1. HP: 19/19 MP: 0/0
   237 | D:1      | Reached XP level 2. HP: 27/27 MP: 1/1
   484 | D:1      | Reached skill level 4 in Axes
   576 | D:1      | Reached XP level 3. HP: 33/33 MP: 2/2
   990 | D:2      | Noticed a phantom
  1002 | D:1      | Reached XP level 4. HP: 22/41 MP: 1/3
  1155 | D:2      | Killed a phantom
  1156 | D:2      | Reached XP level 5. HP: 28/47 MP: 1/4
  1347 | D:2      | Found Hetuf's Magic Scroll Shoppe.
  1361 | D:2      | Bought a scroll of identify for 26 gold pieces
  1459 | D:2      | Found a faded altar of an unknown god.
  1517 | D:2      | Reached skill level 5 in Axes
  1549 | D:2      | Noticed Natasha
  1554 | D:2      | Killed Natasha
  2006 | D:2      | Found Komiriut's Jewellery Shop.
  2099 | D:2      | Noticed Natasha
  2109 | D:2      | Killed Natasha
  2215 | D:2      | Noticed Natasha
  2219 | D:2      | Killed Natasha
  2220 | D:2      | Reached XP level 6. HP: 55/55 MP: 3/5
  2293 | D:2      | Found Uname Dygg's Book Shop.
  2374 | D:3      | Found a shimmering blue altar of Sif Muna.
  2490 | D:3      | Reached skill level 5 in Fighting
  2715 | D:3      | Found a shimmering altar of Xom.
  2860 | D:3      | Found a white marble altar of Elyvilon.
  3280 | D:4      | Identified the +0 leather armour of Beauty {rPois Will+
                  | Str-3}
  3370 | D:4      | Reached skill level 6 in Axes
  3696 | D:4      | Reached skill level 1 in Armour
  3833 | D:4      | Found an ornate altar of the Wu Jian Council.
  3951 | D:4      | Found a shadowy altar of Dithmenos.
  3985 | D:4      | Found a hide-covered altar of Uskayaw.
  4032 | D:4      | Found a blossoming altar of Fedhas.
  4118 | D:5      | Entered Level 5 of the Dungeon
  4118 | D:5      | Noticed a sky beast
  4130 | D:5      | Killed a sky beast
  4131 | D:5      | Reached XP level 7. HP: 55/61 MP: 4/6
  4364 | D:5      | Found a snail-covered altar of Cheibriados.
  4399 | D:5      | Reached skill level 7 in Axes
  4583 | D:5      | You fall into a shaft and drop 3 floors!
  5277 | D:7      | Reached XP level 8. HP: 70/70 MP: 7/7
  5288 | D:7      | Reached skill level 5 in Armour
  5378 | D:6      | Reached skill level 5 in Dodging
  5665 | D:6      | Reached skill level 8 in Axes
  8102 | D:7      | Found a burning altar of Makhleb.
  8116 | D:7      | Reached XP level 9. HP: 78/78 MP: 6/8
  8266 | D:7      | Reached skill level 9 in Axes
  8666 | D:7      | Found a staircase to the Ecumenical Temple.
  8697 | Temple   | Entered the Ecumenical Temple
  9036 | D:3      | Became a worshipper of Elyvilon the Healer
  9036 | D:3      | Reached * piety under Elyvilon
  9036 | D:3      | Reached ** piety under Elyvilon
  9472 | D:7      | Noticed an angel
  9473 | D:7      | Found Acvy's Hallowed Reliquary.
 10157 | D:8      | Found a broken altar of Ashenzari.
 10221 | D:8      | Reached skill level 10 in Axes
 10799 | D:9      | Reached skill level 1 in Invocations
 11045 | D:9      | Noticed a death yak
 11047 | D:9      | Found a staircase to the Lair.
 11048 | D:9      | Noticed a death yak
 11048 | D:9      | Noticed a death yak
 11091 | D:9      | HP: 4/80 [death yak (23)]
 11467 | D:9      | Noticed Harold
 11670 | D:8      | Reached XP level 10. HP: 46/88 MP: 1/10
 11842 | D:8      | Quit the game

Illustrated notes

Levels and vault maps discovered:
D:1:      dpeg_arrival_arbitrary_c, layout_loops_ring
D:2:      layout_loops_ring, dreamdust_ecumenical_altar_angels_and_demons,
          serial_shops, nicolae_lakefront_shop,
          nicolae_shop_temple_entry_statues_fountains, shop, uniq_natasha
D:3:      layout_rooms, mainiacjoe_overflow_surrounded_room,
          nicolae_overflow_crystal_walls, mainiacjoe_overflow_alcove_4,
          minivault_19
D:4:      layout_gridville, nzn_wu_jian_contemplation,
          overflow_temple_1_default, mainiacjoe_overflow_two_lobes
D:5:      layout_basic, mainiacjoe_overflow_six_doors_small
D:6:      minmay_klotski, layout_loops_ring, uniq_pikel
D:7:      layout_loops_corners, makhleb_grotto_becter,
          minmay_temple_entry_glass, eino_tiny_chamber, nicolae_good_shop
D:8:      layout_loops_ring, cheibrodos_ashenzari_chains
D:9:      layout_roguey, dpeg_lair_monsters, uniq_harold
Temple:   zaba_magenta_temple

Skill      XL: |  1  2  3  4  5  6  7  8  9 |
---------------+----------------------------+-----
Fighting       | 4 5 6 7 |  7.8
Axes           | 4 5 6 7 8 10 | 10.5
Stealth        | 2 3 |  3.3
Dodging        | 4 5 6 |  6.1
Armour         | 2 4 7 9 |  9.8
Invocations    | 1 |  1.7

Action                   |  1- 3 |  4- 6 |  7- 9 | 10-12 || total
-------------------------+-------+-------+-------+-------++-------
Melee: Hand axe          |    57 |   136 |   338 |       ||   531
       Headbutt          |     6 |    20 |    83 |       ||   109
Invok: Heal Other        |       |       |    10 |       ||    10
       Lesser Healing    |       |       |     1 |       ||     1
Evoke: Wand              |       |       |     3 |       ||     3
  Use: Scroll            |       |     2 |    17 |       ||    19
       Potion            |       |     2 |     3 |       ||     5
 Stab: Sleeping          |     8 |     5 |     5 |       ||    18
Armor: Robe              |    11 |     7 |       |       ||    18
       Scale mail        |       |     8 |     8 |       ||    16
       Leather armour    |       |     6 |       |       ||     6
       Ring mail         |       |       |    85 |       ||    85
Dodge: Dodged            |    33 |    83 |   196 |       ||   312

Table legend: (Time is in decaauts)
 A = Elapsed time spent in this place.
 B = Non-inter-level travel time spent in this place.
 C = Inter-level travel time spent in this place.
 D = Time resting spent in this place.
 E = Time spent auto-exploring this place.
 F = Levels seen in this place.
 G = Mean time per level.
                   A        B        C        D        E       F      G
               +--------+--------+--------+--------+--------+-----+--------+
         Total |  11816 |  11297 |    519 |   3589 |   5825 |  10 | 1181.6 |
       Dungeon |  11660 |  11157 |    503 |   3589 |   5775 |   9 | 1295.6 |
        Temple |    155 |    139 |     16 |      0 |     50 |   1 |  155.0 |
               +--------+--------+--------+--------+--------+-----+--------+

Top non-repeatable levels by time:
     D:8: 1971 daAuts
     D:6: 1823 daAuts
     D:5: 1631 daAuts
     D:7: 1520 daAuts
     D:2: 1247 daAuts
     D:1: 1122 daAuts
     D:3: 946 daAuts
     D:4: 893 daAuts
     D:9: 504 daAuts
  Temple: 155 daAuts
